 Dungeon Crawl Stone Soup version 0.17-a0-2109-g117576f (webtiles) character file.

298 brucemayne the Cleaver (level 6, -8/76 HPs)
             Began as a Hill Orc Berserker on Oct 19, 2015.
             Was a Believer of Trog.
             Mangled by a wasp (9 damage)
             ... on level 7 of the Dungeon.
             The game lasted 00:03:30 (764 turns).

brucemayne the Cleaver (Hill Orc Berserker)          Turns: 764, Time: 00:03:31

Health: -8/76      AC:  9    Str: 26    XL:     6   Next: 35%
Magic:  6/6        EV:  8    Int:  8    God:    Trog [**....]
Gold:   117        SH:  0    Dex: 10    Spells: 0 memorised, 5 levels left

rFire  . . .     SeeInvis .     a - +0 hand axe
rCold  . . .     Clarity  .     d - +0 chain mail
rNeg   . . .     SustAt   .     (no shield)
rPois  .         Gourm    .     (no helmet)
rElec  .         Spirit   .     o - +0 cloak
rCorr  .         Warding  .     (no gloves)
rMut   .         Stasis   .     (no boots)
MR     .....                    (no amulet)
Stlth  ..........               (no ring)
                                (no ring)

@: berserking, lethally poisoned (-8 -> -15), slowed, not resistant to hostile
enchantments, extremely unstealthy
A: no striking features
a: Berserk, Trog's Hand, Burn Spellbooks, Renounce Religion


You were on level 7 of the Dungeon.
You worshipped Trog.
Trog was pleased with you.
You were not hungry.

You visited 1 branch of the dungeon, and saw 8 of its levels.

You collected 117 gold pieces.

Inventory:

Hand Weapons
 a - a +0 hand axe (weapon)
Armour
 b - a +0 animal skin
 d - a +0 chain mail (worn)
 f - a +0 ring mail
 o - a +0 cloak (worn)
Wands
 l - a wand of fireball (5)
Scrolls
 g - 2 scrolls of magic mapping
 m - a scroll of amnesia {unknown}
 n - a scroll of fear {unknown}
Potions
 h - a potion of curing
Books
 i - an Akashic Record

   Spells                             Type                      Level
   a - Dispersal                      Translocation                6
   b - Controlled Blink               Translocation                7
   c - Malign Gateway                 Summoning/Translocation      7
   d - Disjunction                    Translocation                8
   Trog disapproves of the use of such an item.
Comestibles
 c - 2 bread rations
 j - a beef jerky
 k - 3 chunks of flesh


   Skills:
 - Level 3.6 Fighting
 + Level 9.1 Axes
 - Level 2.1 Armour
 - Level 1.5 Dodging


You had 5 spell levels left.
You didn't know any spells.

Dungeon Overview and Level Annotations

Branches:
Dungeon (8/15)
 Temple: D:4-7         Lair: D:8-11

Altars:
Ashenzari
Cheibriados
Fedhas
Zin

Annotations:
D:8 Erica


Message History

* * * LOW HITPOINT WARNING * * *
You feel as though you will be slow longer.
The hound bites you but does no damage.
You completely miss the wasp.
The wasp is severely wounded.
You miss the hound.
The hound is almost dead.
The wasp stings you!
* * * LOW HITPOINT WARNING * * *
You are more poisoned.
You feel as though you will be slow longer.
The hound barely misses you.
You barely miss the wasp.
The wasp is severely wounded.
You closely miss the hound.
The hound is almost dead.
* * * LOW HITPOINT WARNING * * *
You feel sick. The wasp stings you but does no damage.
The hound bites you but does no damage. The wasp stings you!
You die...

####..... #.......#
#.#.# #.......# #.#.#
#.......# #.#.#
#.......# #.#.#
#.......# #.#.###
#.......#### #.#....
#...h......####......
####@y...............
#####.#'#####.....
#.....# #.....
#.....# #.....
#.....# #.....
#.....# #.....
#.....# #.....
#.....# #.....
#.)...# #.....


You could see a wasp and a hound.

Vanquished Creatures
  A giant frog (D:7)
  2 orc priests
  An orc wizard (D:4)
  A giant frog skeleton (D:7)
  2 worker ants
  A hound zombie (D:7)
  An adder (D:3)
  An ooze (D:4)
  10 orcs
  3 jackals (D:3)
  4 quokkas
  2 giant cockroaches
  A giant newt (D:1)
  2 kobolds
  2 rats (D:1)
34 creatures vanquished.

Vanquished Creatures (others)
  A hound zombie (D:8)
  An orc (D:7)
  A quokka (D:7)
3 creatures vanquished.

Grand Total: 37 creatures vanquished

Notes
Turn   | Place    | Note
--------------------------------------------------------------
     0 | D:1      | brucemayne the Hill Orc Berserker began the quest for the Orb.
     0 | D:1      | Reached XP level 1. HP: 19/19 MP: 1/1
   149 | D:3      | Noticed an orc priest
   168 | D:3      | Reached XP level 2. HP: 26/26 MP: 2/2
   178 | D:3      | Reached skill level 5 in Axes
   196 | D:3      | Reached XP level 3. HP: 16/31 MP: 3/3
   201 | D:3      | Reached skill level 6 in Axes
   244 | D:4      | Reached ** piety under Trog
   244 | D:4      | Reached XP level 4. HP: 27/39 MP: 4/4
   256 | D:4      | Reached skill level 7 in Axes
   256 | D:4      | Reached XP level 5. HP: 17/45 MP: 5/5
   361 | D:5      | Entered Level 5 of the Dungeon
   506 | D:6      | Reached skill level 8 in Axes
   556 | D:7      | Found a shattered altar of Ashenzari.
   590 | D:7      | Found a snail-covered altar of Cheibriados.
   642 | D:7      | Found a blossoming altar of Fedhas.
   649 | D:7      | Reached XP level 6. HP: 46/51 MP: 6/6
   653 | D:7      | Reached skill level 9 in Axes
   684 | D:7      | Found a glowing silver altar of Zin.
   734 | D:8      | Noticed Erica
   763 | D:7      | HP: 1/76 [wasp (9)]
   764 | D:7      | Mangled by a wasp

Vault maps used:
D:1:      lemuel_arrival_rhombus
D:3:      lemuel_round_altar, first_bread
D:4:      amethyst_overflow_temple_binary, roderic_roman_lattice
D:6:      overflow_temple_1_default, minmay_temple_entry_statues_pillars,
          enter_ossuary_4
D:7:      xom_confusion_cloud, nicolae_overflow_quartered_altars, uniq_menkaure
D:8:      kennysheep_mini, minmay_misc_feat_tower, hangedman_pestilent_swarm,
          vehumet_altar_wand_db, uniq_erica

Action                   |  1- 3 |  4- 6 || total
-------------------------+-------+-------++-------
Melee: Hand axe          |    43 |    66 ||   109
Invok: Berserk           |     2 |     2 ||     4
       Trog's Hand       |       |     1 ||     1
  Use: Potion            |     2 |       ||     2
       Scroll            |       |     3 ||     3
  Eat: Chunk             |       |     3 ||     3
